 Dungeon Crawl Stone Soup version 0.27.1-34-g3ba077fa99 (webtiles) character file.

Game seed: 17973245454524612303

198 eruditious the Shield-Bearer (level 6, 0/48 HPs)
             Began as a Formicid Fighter on Jan 4, 2022.
             Succumbed to an adder's poison
             ... on level 4 of the Dungeon.
             The game lasted 00:11:55 (3460 turns).

eruditious the Shield-Bearer (Formicid Fighter)     Turns: 3460, Time: 00:11:56

Health: 0/48       AC:  9    Str: 21    XL:     6   Next: 5%
Magic:  16/16      EV:  8    Int:  9    God:
Gold:   171        SH:  9    Dex: 10    Spells: 8/8 levels left

rFire    + . .     SeeInvis +   a - +0 war axe (vamp)
rCold    + . .     Faith    .   c - +0 kite shield
rNeg     . . .     Spirit   .   b - +0 scale mail
rPois    +         Reflect  .   (helmet unavailable)
rElec    +         Harm     .   (no cloak)
rCorr    +         Rampage  .   r - +0 pair of gloves
Will     .....                  q - +0 pair of boots
Stlth    ..........             (no amulet)
HPRegen  0.16/turn              o - ring of magical power
MPRegen  0.15/turn              (no ring)

@: brilliant, lethally poisoned (0 -> -4), resistant
A: permanent stasis, dig shafts and tunnels, antennae 3, four strong arms, low
mp 1
a: Dig, Shaft Self


You were on level 4 of the Dungeon.
You visited 1 branch of the dungeon, and saw 4 of its levels.

You collected 171 gold pieces.

Inventory:

Hand Weapons
 a - a +0 vampiric war axe (weapon)
Missiles
 e - 49 bolts
 l - 11 poisoned darts
 m - 149 stones
 p - 4 boomerangs (quivered)
Armour
 b - a +0 scale mail (worn)
 c - a +0 kite shield (worn)
 q - a +0 pair of boots (worn)
 r - a +0 pair of gloves (worn)
Jewellery
 o - a ring of magical power (left hand)
Wands
 n - a wand of paralysis (9)
Scrolls
 s - a scroll of amnesia {unknown}
Potions
 d - a potion of might
 f - a potion of resistance


   Skills:
 + Level 4.2 Fighting
 + Level 3.1 Axes
 + Level 4.3 Armour
 + Level 4.7 Shields
 * Level 1.7 Spellcasting


You had 8 spell levels left.
You didn't know any spells.
Your spell library contained the following spells:

 Spells                   Type           Power      Damage    Failure   Level
 Ensorcelled Hibernation  Hex/Ice        2%         N/A       98%         2
 Conjure Flame            Conj/Fire      1%         6-21      100%        3
 Ignite Poison            Fire/Tmut/Pois 1%         N/A       100%        3
 Spider Form              Tmut/Pois      0%         N/A       100%        3
 Sticky Flame             Conj/Fire      1%         2d3       100%        4
 Shadow Creatures         Summ           N/A        N/A       100%        6


Dungeon Overview and Level Annotations

Branches:
Dungeon (4/15)
 Temple: D:4-7

Altars:
Ashenzari

Shops:
D:4 *


Innate Abilities, Weirdness & Mutations

You cannot be hasted, slowed, berserked, paralysed or teleported.
You can dig through walls and to a lower floor.
You have a pair of large antennae on your head. (SInv)
Your four strong arms can wield two-handed weapons with a shield.
Your magical capacity is low. (-10% MP)


Message History

You feel protected.
* * * LOW HITPOINT WARNING * * *
You feel very sick. You block the scorpion's attack.
It was a potion of brilliance.
You feel clever all of a sudden.
* * * LOW HITPOINT WARNING * * *
You feel sick.
The scorpion stings you but does no damage. x2
It was a potion of berserk rage.
Your stasis prevents you from going berserk.
* * * LOW HITPOINT WARNING * * *
You feel sick. You block the scorpion's attack.
It was a potion of mutation.
You feel extremely strange.
You feel less energetic.
* * * LOW HITPOINT WARNING * * *
You feel sick. You block the scorpion's attack.
You slash the scorpion!
You kill the scorpion!
* * * LOW HITPOINT WARNING * * *
You feel sick. The adder barely misses you.
Your Axes skill increases to level 3!
You have reached level 6!
Your experience leads to an increase in your attributes!
Increase (S)trength, (I)ntelligence, or (D)exterity?
You feel stronger.
You miss the adder.
You feel sick. The adder bites you.
* * * LOW HITPOINT WARNING * * *
You are lethally poisoned!
The adder poisons you! You block the adder's attack.
As you read the scroll labelled DUUDYA LANABIN, it crumbles to dust.
It is a scroll of brand weapon.
Your +0 war axe thirsts for the lives of mortals!
a - a +0 vampiric war axe (weapon)
* * * LOW HITPOINT WARNING * * *
You feel sick. The adder bites you but does no damage.
As you read the scroll labelled RUGOMPOS MIGIP, it crumbles to dust.
You hear a loud clanging noise!
It was a scroll of noise.
You die...

#. #. ##### #######.
...# #.......
#.#####.### #.####.<
.........<####.####..
.#####.#...........#
##.#.#####.###.........#
......S@...# #.##.#....#
#.########## #.##......#
##.#####.###
#.......))..
#####..##..##...
#......##.#.##..
#......#.....##.
#......#..#...##
#.....##.......#


You could see an adder.

Vanquished Creatures
  A scorpion (D:4)
  5 adders
  2 worms
  2 dart slugs
  3 orcs (D:3)
  8 endoplasms
  5 giant cockroaches
  12 goblins
  4 hobgoblins
  3 jackals
  3 quokkas
  3 ball pythons
  5 bats
  4 frilled lizards
  4 kobolds
  10 rats
74 creatures vanquished.

Notes
Turn   | Place    | Note
-------+----------+-------------------------------------------
     0 | D:1      | eruditious the Formicid Fighter began the quest for the
                  | Orb.
     0 | D:1      | Reached XP level 1. HP: 18/18 MP: 1/1
   491 | D:1      | Reached XP level 2. HP: 24/24 MP: 2/2
  1566 | D:2      | Reached XP level 3. HP: 23/29 MP: 3/3
  1867 | D:2      | Reached XP level 4. HP: 37/37 MP: 4/4
  1951 | D:2      | You fall into a shaft and drop 2 floors!
  1951 | D:4      | Found Namufud's General Store.
  1957 | D:4      | Found a broken altar of Ashenzari.
  2542 | D:2      | Reached XP level 5. HP: 41/42 MP: 5/5
  2700 | D:2      | Reached skill level 1 in Spellcasting
  3456 | D:4      | Gained mutation: Your magical capacity is low. (-10% MP)
                  | [potion of mutation]
  3458 | D:4      | Reached XP level 6. HP: 4/48 MP: 7/7
  3459 | D:4      | HP: 1/48 [poisoned by an adder]
  3460 | D:4      | Succumbed to an adder's poison

Illustrated notes

Levels and vault maps discovered:
D:1:      lemuel_arrival_funnel, layout_loops_ring, minmay_door_square
D:2:      layout_basic, minmay_diced_spiral
D:3:      minmay_general_purpose_star, layout_basic, minmay_liquid_box,
          serial_park_tiny_2, guppyfry_early_orc_mine
D:4:      layout_loops_cross, nicolae_ashenzari_panopticon,
          minmay_temple_entry_trees, serial_shops, shop, minmay_puff

Skill      XL: |  1  2  3  4  5 |
---------------+----------------+-----
Shields        | 4 |  4.7
Armour         | 4 |  4.3
Fighting       | 4 |  4.2
Spellcasting   | 1 |  1.7
Axes           | 3 |  3.1

Action                   |  1- 3 |  4- 6 || total
-------------------------+-------+-------++-------
Melee: War axe           |    86 |   117 ||   203
Throw: Dart              |    15 |     9 ||    24
       Boomerang         |       |    33 ||    33
  Use: Potion            |       |     4 ||     4
       Scroll            |       |     2 ||     2
Armor: Scale mail        |    36 |    58 ||    94
Dodge: Dodged            |    34 |    41 ||    75
Block: Kite shield       |    42 |    70 ||   112
